 Dungeon Crawl Stone Soup version 0.21-a0-504-g2eda33064f (webtiles) character file.

129 Kaname the Conjurer (level 4, -1/30 HPs)
             Began as a Demonspawn Wizard on Nov 26, 2017.
             Slain by an orc
             ... wielding a cursed -1 trident
              (5 damage)
             ... on level 3 of the Dungeon.
             The game lasted 00:05:47 (1894 turns).

Kaname the Conjurer (Demonspawn Wizard)             Turns: 1894, Time: 00:05:49

Health: -1/30      AC:  3    Str:  8    XL:     4   Next: 88%
Magic:  0/8        EV: 12    Int: 20    God:
Gold:   97         SH:  4    Dex: 11    Spells: 0/9 levels left

rFire    . . .     SeeInvis .   g - +0 dagger (venom)
rCold    . . .     Gourm    .   (no shield)
rNeg     . . .     Faith    .   a - +0 robe
rPois    .         Spirit   .   b - +0 hat
rElec    .         Reflect  +   k - +0 cloak
rCorr    .         Harm     .   (no gloves)
MR       .....                  (no boots)
Stlth    ++........             e - +4 amulet of reflection
HPRegen  0.10/turn              (no ring)
MPRegen  0.11/turn              (no ring)

@: slowed, very slow
A: claws 1, demonic guardian 1
a: no special abilities


You were on level 3 of the Dungeon.
You were not hungry.

You visited 1 branch of the dungeon, and saw 3 of its levels.

You collected 97 gold pieces.

Inventory:

Hand Weapons
 g - a +0 dagger of venom (weapon)
Missiles
 u - 8 javelins (quivered)
Armour
 a - a +0 robe (worn)
 b - a +0 hat (worn)
 k - a +0 cloak (worn)
Jewellery
 e - a +4 amulet of reflection (around neck)
Scrolls
 f - a scroll of enchant armour {unknown}
 h - 2 scrolls of remove curse {unknown}
 j - 2 scrolls of fog {unknown}
 l - 2 scrolls of amnesia {unknown}
 n - a scroll of immolation {unknown}
 q - a scroll of random uselessness {unknown}
 r - a scroll of fear {unknown}
 s - a scroll of enchant weapon {unknown}
Potions
 c - a potion of flight {unknown}
 m - 2 potions of curing
 o - a potion of ambrosia {unknown}
 p - 2 potions of invisibility {unknown}
 v - a potion of magic {unknown}
Comestibles
 d - a bread ration
 i - a royal jelly
 t - a chunk of flesh


   Skills:
 - Level 1.7 Dodging
 - Level 1.7 Stealth
 - Level 3.0 Spellcasting
 + Level 4.3 Conjurations
   Level 1.0 Summonings
 - Level 1.0 Translocations
 - Level 1.0 Air Magic
 - Level 1.0 Poison Magic


You couldn't memorise any spells.
You knew the following spells:

 Your Spells              Type           Power        Failure   Level  Hunger
a - Magic Dart            Conj           ###.         2%          1    None
b - Blink                 Tloc           N/A          14%         2    ##.....
c - Mephitic Cloud        Conj/Pois/Air  ##......     19%         3    ###....
d - Conjure Flame         Conj/Fire      ##......     17%         3    ###....


Dungeon Overview and Level Annotations

Branches:
Dungeon (3/15)

Altars:
Nemelex Xobeh
Qazlal


Innate Abilities, Weirdness & Mutations

You have sharp fingernails.
A weak demonic guardian rushes to your aid.


Message History

Unknown command.
It was a potion of curing.
You feel better. The orc completely misses you.
The orc wizard closely misses you. The orc barely misses you.
The orc hits you with an enchanted short sword.
* * * LOW HITPOINT WARNING * * *
The orc wizard mumbles some strange words.
The orc wizard blinks!
Casting: Magic Dart
Confirm with . or Enter, or press ? or * to list all spells.
Aiming: Magic Dart
Press: ? - help, Shift-Dir - straight line, f/p - orc wizard
Aim: an orc wizard, wielding a dagger and wearing a robe (almost dead, poisoned)
The magic dart hits the orc wizard.
You kill the orc wizard!
Your Conjurations skill increases to level 4!
The orc hits you but does no damage.
The orc hits you with an enchanted short sword.
* * * LOW HITPOINT WARNING * * *
The orc hits you from afar with an enchanted trident.
You die...

#..####..........#
###+#.......#.)......#
#.....##............##
#..<...#........#####
#....#.#........#
#....#.##########
#...##.# ###.##.##
#.[)@ยง## #####o.#
##o# #..# ##.# .# ..
#.# ..


You could see 2 orcs.

Vanquished Creatures
  An orc wizard (D:3)
  2 adders (D:3)
  4 dart slugs
  2 leopard geckos
  5 orcs (D:3)
  2 ball pythons (D:1)
  5 giant cockroaches
  6 goblins
  7 hobgoblins
  5 jackals (D:1)
  8 kobolds
  5 bats
  6 frilled lizards
  7 rats
65 creatures vanquished.

Notes
Turn   | Place    | Note
-------+----------+-------------------------------------------
     0 | D:1      | Kaname the Demonspawn Wizard began the quest for the Orb.
     0 | D:1      | Reached XP level 1. HP: 13/13 MP: 4/4
   112 | D:1      | Reached skill level 2 in Conjurations
   132 | D:1      | Gained mutation: You have sharp fingernails. [demonic ancestry]
   132 | D:1      | Reached XP level 2. HP: 12/19 MP: 4/6
   322 | D:1      | Learned a level 2 spell: Blink
   408 | D:1      | Reached skill level 3 in Conjurations
   450 | D:1      | Reached skill level 1 in Translocations
   450 | D:1      | Gained mutation: A weak demonic guardian rushes to your aid. [demonic ancestry]
   450 | D:1      | Reached XP level 3. HP: 19/24 MP: 3/7
   455 | D:1      | Learned a level 3 spell: Mephitic Cloud
   545 | D:1      | Reached skill level 1 in Air Magic
  1048 | D:2      | Reached skill level 1 in Poison Magic
  1219 | D:2      | Found a stormy altar of Qazlal.
  1268 | D:2      | Found a sparkling altar of Nemelex Xobeh.
  1636 | D:3      | Reached XP level 4. HP: 30/30 MP: 4/8
  1651 | D:3      | Learned a level 3 spell: Conjure Flame
  1894 | D:3      | Reached skill level 4 in Conjurations
  1894 | D:3      | Slain by an orc

Vault maps used:
D:1:      nagdon_arrival_zigzag_paths, minmay_heptomino_o4
D:2:      nemelex_xobeh_ov_fountains_minmay, marbit_many_paths,
          kennysheep_generic_room_15
D:3:      lemuel_round_altar, okawaru_trees_1, serial_aquarium,
          aquarium_bridge_long_joined, aquarium_bridge_square,
          aquarium_window_fake, aquarium_window_1, aquarium_view_2c,
          aquarium_view_2c, aquarium_balcony_1a

Skill      XL: |  1  2  3  4 |
---------------+-------------+-----
Conjurations   | 2 3 4 |  4.3
Translocations | 1 |  1.0
Air Magic      | 1 |  1.0
Poison Magic   | 1 |  1.0
Dodging        | |  1.7
Stealth        | |  1.7
Spellcasting   | |  3.0
Summonings     | |  1.0

Action                   |  1- 3 |  4- 6 || total
-------------------------+-------+-------++-------
Melee: Dagger            |    90 |    29 ||   119
       Unarmed           |     7 |       ||     7
 Cast: Magic Dart        |    55 |    31 ||    86
  Use: Potion            |       |     1 ||     1
 Stab: Sleeping          |     3 |     1 ||     4
  Eat: Chunk             |     2 |     1 ||     3
Armor: Robe              |    18 |     6 ||    24
Dodge: Dodged            |    59 |    19 ||    78
Block: Other             |       |     7 ||     7
       Reflection        |       |     1 ||     1

Table legend:
 A = Spawn XP
 B = Non-spawn XP
 C = Spawn XP percentage of total XP
 D = Spawn monster count
 E = Non-spawn monster count
 F = Spawn count percentage of total count
 G = Total turns spent on level
                    A         B        C        D         E        F      G
               +---------+---------+-------+---------+---------+-------+---------
         Total |       0 |     185 |   0.0 |       0 |      65 |   0.0 |  1894
               +---------+---------+-------+---------+---------+-------+---------
           D:1 |       0 |      66 |   0.0 |       0 |      36 |   0.0 |   855
           D:2 |       0 |      24 |   0.0 |       0 |      13 |   0.0 |   778
           D:3 |       0 |      95 |   0.0 |       0 |      16 |   0.0 |   261
               +---------+---------+-------+---------+---------+-------+---------
